 Dungeon Crawl Stone Soup version 0.32-a0-961-gd60f5e5fc7 (webtiles) character file.

Game seed: 16493449895654279646

22711 spaghetti the Cruncher (level 13, -2/148 HPs)
             Began as a Naga Chaos Knight on Apr 18, 2024.
             Was a Plaything of Xom.
             Slain by a 12-headed hydra (11 damage)
             ... on level 11 of the Dungeon.
             The game lasted 00:16:37 (10960 turns).

spaghetti the Cruncher (Naga Chaos Knight)         Turns: 10960, Time: 00:16:38

Health: -2/148     AC: 10    Str: 18    XL:     13   Next: 2%
Magic:  14/14      EV: 10    Int: 16    God:    Xom [...*..]
Gold:   1072       SH:  5    Dex: 16    Spells: 8/12 levels left

rFire   + + .        e - +9 lajatang "Ypnoash" {speed, Str+3}
rCold   + . .        (shield currently unavailable)
rNeg    . . .        b - +2 leather armour
rPois   +            t - +2 hat
rElec   .            n - scarf {rC+ rF+}
rCorr   .            (no gloves)
SInv    +            (no barding)
Will    ++...        o - amulet of reflection
Stlth   +            k - +4 ring of slaying
HPRegen 0.44/turn    v - ring of Necurph {Fly Will+ Str+3 Dex+3}
MPRegen 0.14/turn

%: reflection, clarity
@: short of breath, flying, very slow
A: AC +4, large, see invisible, deformed body, poison resistance, slowness 2,
spit poison 2, naga tail 2, claws 1, clarity, deterioration 1, fire resistance
1, high MP 1, robust 1, weak 1
a: Breathe Poison Gas, Renounce Religion


You were on level 11 of the Dungeon.
You worshipped Xom.
You were a favourite toy of Xom.
You visited 1 branch of the dungeon, and saw 11 of its levels.

You collected 1072 gold pieces.

Inventory:

Hand Weapons
 a - a +0 falchion of chaos
 e - the +9 lajatang "Ypnoash" (weapon) {speed, Str+3}
   (You acquired it on level 6 of the Dungeon)

   Str+3:     It affects your strength (+3).
 i - a +0 short sword of venom
Missiles
 J - a throwing net
Armour
 b - a +2 leather armour (worn)
 n - a scarf of resistance (worn)
 t - a +2 hat (worn)
Jewellery
 j - an amulet of faith
 k - a +4 ring of slaying (left claw)
 o - an amulet of reflection (around neck)
 r - a ring of flight
 v - the ring of Necurph (right claw) {Fly Will+ Str+3 Dex+3}
   (You found it on level 4 of the Dungeon)

   [ring of flight]

   Str+3:     It affects your strength (+3).
   Dex+3:     It affects your dexterity (+3).
   Will+:     It increases your willpower.
   Fly:       It grants you flight.
 B - a ring of wizardry
Wands
 y - a wand of light (4)
 D - a wand of flame (24)
 E - a wand of digging (5)
 G - a wand of roots (3)
Scrolls
 d - 2 scrolls of teleportation
 f - 3 scrolls of revelation
 g - 2 scrolls of noise
 l - 3 scrolls of enchant weapon
 m - 2 scrolls of vulnerability
 p - 2 scrolls of brand weapon
 s - 4 scrolls of amnesia
 u - a scroll of silence
 w - 4 scrolls of identify
 A - 3 scrolls of immolation
Potions
 c - a potion of cancellation
 h - 2 potions of magic
 q - a potion of enlightenment
 x - 2 potions of mutation
 z - 6 potions of degeneration
 C - 2 potions of might
 F - a potion of attraction
 H - 2 potions of heal wounds
 I - a potion of brilliance
 K - 2 potions of haste


   Skills:
 - Level 14.0 Fighting
 - Level 3.0 Long Blades
 - Level 14.0 Staves
 - Level 1.5 Armour
 + Level 3.9 Dodging
 - Level 5.0 Hexes
 - Level 5.0 Necromancy


You had 8 spell levels left.
You knew the following spells:

 Your Spells              Type           Power      Damage    Failure   Level
a - Anguish               Hex/Necr       8%         N/A       36%         4

Your spell library contained the following spells:

 Spells                   Type           Power      Damage    Failure   Level
 Jinxbite                 Hex            32%        N/A       6%          2
 Sigil of Binding         Hex            16%        N/A       12%         3
 Cigotuvi's Dreadful Rot  Necr/Alch/Air  10%        N/A       22%         2
 Apportation              Tloc           0%         N/A       30%         1
 Cause Fear               Hex            8%         N/A       36%         4
 Dispel Undead            Necr           16%        3d10      36%         4
 Lesser Beckoning         Tloc           0%         N/A       41%         2
 Frozen Ramparts          Ice            0%         1d1       65%         3
 Maxwell's Portable Pile  Tloc           0%         2d(5-13)  65%         3
 Ozocubu's Armour         Ice            0%         N/A       65%         3
 Teleport Other           Tloc           0%         N/A       65%         3
 Martyr's Knell           Necr/Summ      8%         N/A       71%         4
 Metabolic Englaciation   Hex/Ice        4%         N/A       96%         5
 Alistair's Intoxication  Alch           0%         N/A       100%        5
 Enfeeble                 Hex            8%         N/A       100%        7


Dungeon Overview and Level Annotations

Branches:
Dungeon (11/15)            Temple (0/1) D:7             Orc (0/2) D:9
   Lair: D:8-11

Altars:
Cheibriados
Dithmenos
Elyvilon
Fedhas
Gozag
Hepliaklqana
Kikubaaqudgha
Yredelemnul
Jiyva

Shops:
D:1 (   D:6 (   D:7 *   D:9 (

Annotations:
D:1 2 runed translucent doors


Innate Abilities, Weirdness & Mutations

Your serpentine skin is tough. (AC +4)
You have supernaturally acute eyesight. (SInv)
Armour fits poorly on your strangely shaped body.
Your system is resistant to poisons. (rPois)
You cover ground very slowly.
You can exhale a cloud of poison.
You can use your snake-like lower body to constrict enemies.
You have sharp fingernails.
You possess an exceptional clarity of mind.
Your body sometimes deteriorates upon taking damage.
Your flesh is heat resistant. (rF+)
You have an increased reservoir of magic. (+10% MP)
You are robust. (+10% HP)
You are weak. (Str -2)


Message History

You hack one of the eight-headed hydra's heads off!
The seven-headed hydra grows two more!
You slice the nine-headed hydra!!
The nine-headed hydra is moderately wounded.
Unknown command.
Unknown command.
Unknown command.
You lop one of the nine-headed hydra's heads off!
The eight-headed hydra grows two more!
You slice the ten-headed hydra!!
The ten-headed hydra is severely wounded.
You block the ten-headed hydra's attack.
The ten-headed hydra closely misses you.
The ten-headed hydra barely misses you. The ten-headed hydra bites you!
The ten-headed hydra closely misses you.
The ten-headed hydra bites you!
The ten-headed hydra closely misses you. x2
The ten-headed hydra bites you! The ten-headed hydra bites you.
Unknown command.
Unknown command.
You slice one of the ten-headed hydra's heads off!
The nine-headed hydra grows two more!
You slash the 11-headed hydra!
The 11-headed hydra is severely wounded.
Unknown command.
Unknown command.
You chop one of the 11-headed hydra's heads off!
The ten-headed hydra grows two more!
You slash the 12-headed hydra!
The 12-headed hydra is severely wounded.
The 12-headed hydra bites you but does no damage.
The 12-headed hydra bites you.
* * * LOW HITPOINT WARNING * * *
The 12-headed hydra bites you!
* * * LOW HITPOINT WARNING * * *
The 12-headed hydra bites you!
* * * LOW HITPOINT WARNING * * *
The 12-headed hydra closely misses you. The 12-headed hydra bites you!
* * * LOW HITPOINT WARNING * * *
The 12-headed hydra bites you.
* * * LOW HITPOINT WARNING * * *
The 12-headed hydra barely misses you. The 12-headed hydra misses you.
The 12-headed hydra closely misses you. The 12-headed hydra bites you!
You die...

....#
#...##§#
....#
#...##§#
....
#...##§#
#...##§#
#...##§#
#^..##.#
#..§§..#
#.°#####
#°@#
#.D#
....#
...##°#
.....
#.# .###
#.# ..#
#.#


You could see a 12-headed hydra.

Vanquished Creatures
  A frost giant (D:11)
  A fire giant (D:11)
  An ettin (D:11)
  3 boulder beetles (D:11)
  A centaur warrior (D:9)
  2 two-headed ogres
  A tengu warrior (D:11)
  An occultist (D:11)
  Pikel (D:8)
  A deep elf pyromancer (D:9)
  A manticore (D:11)
  2 cyclopes (D:11)
  4 ugly things
  A black mamba (shapeshifter) (D:9)
  4 molten gargoyles (D:10)
  A gargoyle (D:11)
  An efreet (D:11)
  2 trolls (D:11)
  3 hornets
  A slime creature (D:11)
  9 yaks
  A culicivora (shapeshifter) (D:9)
  A spriggan (shapeshifter) (D:9)
  A water elemental (D:11)
  2 wyverns
  2 shadows (D:11)
  6 wraiths
  A steam dragon (D:9)
  7 vampire mosquitoes
  4 sky beasts
  7 orc warriors
  2 black bears
  3 ogres
  7 centaurs
  A kobold brigand (D:11)
  3 bullfrogs (D:8)
  A scorpion (D:7)
  4 wights (D:8)
  7 killer bees
  2 electric eels (D:11)
  8 howler monkeys
  2 hounds
  2 bombardier beetles
  2 jellies
  7 orc priests
  A sleepcap (D:4)
  Jessica (D:2)
  4 iguanas
  Terence (D:2)
  6 orc wizards
  4 gnolls (D:5)
  12 adders
  A shadow imp (D:8)
  A white imp (D:5)
  4 dart slugs
  2 ribbon worms (D:2)
  28 orcs
  7 endoplasms
  A giant cockroach (D:1)
  7 goblins
  7 hobgoblins
  4 jackals
  3 quokkas
  8 ball pythons
  3 bats (D:1)
  4 frilled lizards
  9 kobolds
  5 rats
248 creatures vanquished.

Vanquished Creatures (collateral kills)
  A manticore (D:10)
  3 yaks (D:10)
  2 centaurs (D:10)
  An orc priest (D:3)
  A hobgoblin (D:3)
8 creatures vanquished.

Grand Total: 256 creatures vanquished

Notes
Turn   | Place    | Note
-------+----------+-------------------------------------------
     0 | D:1      | spaghetti the Naga Chaos Knight began the quest for the
                  | Orb.
     0 | D:1      | Reached XP level 1. HP: 21/21 MP: 1/1
    39 | D:1      | Found a large runed translucent door.
    39 | D:1      | Found a large runed translucent door.
    39 | D:1      | Found a viscous altar of Jiyva.
    39 | D:1      | Noticed a jelly
    39 | D:1      | Noticed a jelly
    42 | D:1      | Noticed a jelly
    48 | D:1      | Noticed a jelly
    49 | D:1      | Noticed a jelly
    50 | D:1      | Noticed a jelly
    88 | D:1      | Reached XP level 2. HP: 22/28 MP: 2/2
   248 | D:1      | Found Giedao's Antique Weapon Shop.
   327 | D:1      | XOM: silly message
   646 | D:1      | XOM: draining
   675 | D:1      | Reached XP level 3. HP: 32/33 MP: 3/3
   756 | D:1      | XOM: divination: detect creatures
   759 | D:1      | XOM: summons 1 hostile shadow creature
   944 | D:2      | XOM: god gift: flail {god gift}
  1084 | D:2      | Noticed Terence
  1095 | D:2      | Killed Terence
  1096 | D:2      | Reached XP level 4. HP: 4/45 MP: 4/4
  1295 | D:2      | Reached skill level 5 in Fighting
  1426 | D:2      | XOM: draining
  1471 | D:2      | Noticed Jessica
  1476 | D:2      | XOM: smoke on damage
  1478 | D:2      | Killed Jessica
  1479 | D:2      | Reached XP level 5. HP: 38/47 MP: 5/5
  1618 | D:2      | XOM: noise
  1840 | D:2      | XOM: summons 3 hostile demons
  1947 | D:2      | XOM: silly message
  1969 | D:3      | XOM: stealth player
  1999 | D:3      | XOM: summons 5 friendly demons
  2007 | D:3      | HP: 1/53 [orc priest/divine providence (12)]
  2275 | D:3      | Reached XP level 6. HP: 58/63 MP: 6/6
  2366 | D:3      | Learned a level 4 spell: Anguish
  2486 | D:3      | Found a faded altar of an unknown god.
  2622 | D:3      | Found a blossoming altar of Fedhas.
  2748 | D:4      | Found an opulent altar of Gozag.
  2897 | D:4      | Noticed a sky beast
  2906 | D:4      | Killed a sky beast
  2907 | D:4      | Reached skill level 1 in Hexes
  2907 | D:4      | Reached skill level 1 in Necromancy
  2919 | D:4      | XOM: silly message
  3028 | D:4      | Noticed a black bear
  3033 | D:4      | Killed a black bear
  3034 | D:4      | Reached XP level 7. HP: 59/72 MP: 7/7
  3205 | D:4      | Identified the ring of Necurph {Fly Will+ Str+3 Dex+3}
  3294 | D:4      | XOM: god gift: glowing sling {god gift}
  3563 | D:5      | XOM: stealth player
  3563 | D:5      | Entered Level 5 of the Dungeon
  3885 | D:5      | an orc wizard changed into a yak
  3885 | D:5      | Noticed a yak
  3885 | D:5      | XOM: polymorph orc wizard -> yak
  3890 | D:5      | XOM: 8-stop teleportation journey
  3903 | D:5      | Killed a yak
  3904 | D:5      | Reached XP level 8. HP: 54/81 MP: 8/8
  4076 | D:5      | XOM: give mutation
  4076 | D:5      | Gained mutation: You have sharp fingernails. [Xom's
                  | mischief]
  4155 | D:5      | XOM: 6-stop teleportation journey
  4288 | D:5      | XOM: give mutations
  4288 | D:5      | Gained mutation: Your body sometimes deteriorates upon
                  | taking damage. [Xom's mischief]
  4288 | D:5      | Gained mutation: You can exhale a cloud of poison. [Xom's
                  | mischief]
  4646 | D:5      | XOM: cloud trail
  4711 | D:6      | Noticed a white ugly thing
  4711 | D:6      | XOM: cast spell 'Chain of Chaos'
  4727 | D:6      | Killed a white ugly thing
  4821 | D:6      | Reached skill level 5 in Necromancy
  4872 | D:6      | XOM: give mutations
  4872 | D:6      | Gained mutation: You expend magic power (3 MP) to
                  | strengthen your wands. [Xom's grace]
  4872 | D:6      | Gained mutation: You are robust. (+10% HP) [Xom's grace]
  4872 | D:6      | Gained mutation: You have an increased reservoir of magic.
                  | (+10% MP) [Xom's grace]
  4880 | D:6      | Reached skill level 5 in Hexes
  5010 | D:6      | Identified a scroll of acquirement
  5013 | D:6      | Acquired the +9 lajatang "Ypnoash" {speed, Str+3}
  5117 | D:6      | Reached skill level 1 in Staves
  5152 | D:6      | XOM: scenery: summon butterflies
  5184 | D:6      | Found a shadowy altar of Dithmenos.
  5365 | D:6      | Reached XP level 9. HP: 99/99 MP: 9/9
  5389 | D:6      | Found Misil's Weapon Emporium.
  5438 | D:6      | XOM: cloud trail
  5469 | D:6      | XOM: god gift: 23 gold pieces
  5698 | D:7      | Found a snail-covered altar of Cheibriados.
  5741 | D:7      | Found an ancient bone altar of Kikubaaqudgha.
  5753 | D:7      | Found Tuloily's Elemental Accessories.
  5876 | D:7      | Found a staircase to the Ecumenical Temple.
  5925 | D:7      | XOM: noise
  5945 | D:7      | XOM: summons 2 friendly demons
  5951 | D:7      | Reached skill level 5 in Staves
  6559 | D:7      | You are sucked into a shaft and drop 1 floor!
  6646 | D:8      | XOM: 3-stop teleportation journey
  6708 | D:8      | Found a basalt altar of Yredelemnul.
  6771 | D:8      | Noticed Pikel
  6776 | D:8      | Killed Pikel
  6777 | D:8      | Noticed a hornet
  6785 | D:8      | Killed a hornet
  7037 | D:8      | Reached XP level 10. HP: 80/107 MP: 11/11
  7043 | D:8      | XOM: chaos cloud
  7205 | D:8      | XOM: swap monsters
  7417 | D:9      | Noticed a centaur warrior
  7424 | D:9      | Killed a centaur warrior
  7425 | D:9      | Reached skill level 10 in Staves
  7426 | D:9      | Noticed a green ugly thing
  7430 | D:9      | Killed a green ugly thing
  7547 | D:9      | XOM: give mutations
  7547 | D:9      | Gained mutation: Your flesh is heat resistant. (rF+) [Xom's
                  | mischief]
  7547 | D:9      | Lost mutation: You expend magic power (3 MP) to strengthen
                  | your wands. [Xom's mischief]
  7547 | D:9      | Gained mutation: You are weak. (Str -2) [Xom's mischief]
  7547 | D:9      | Gained mutation: You possess an exceptional clarity of
                  | mind. [Xom's mischief]
  7556 | D:9      | XOM: 1-stop teleportation journey
  7834 | D:9      | Noticed a deep elf pyromancer
  7838 | D:9      | Killed a deep elf pyromancer
  7839 | D:9      | Reached XP level 11. HP: 114/114 MP: 12/12
  7946 | D:9      | XOM: 3-stop teleportation journey
  8002 | D:9      | Noticed a two-headed ogre
  8010 | D:9      | XOM: torment (39/114 hp)
  8031 | D:9      | XOM: torment (16/114 hp)
  8039 | D:10     | Entered Level 10 of the Dungeon
  8070 | D:10     | Found a white marble altar of Elyvilon.
  8070 | D:10     | XOM: 4-stop teleportation journey
  8074 | D:10     | a yak changed into a manticore
  8074 | D:10     | Noticed a manticore
  8074 | D:10     | XOM: polymorph yak -> manticore
  8088 | D:10     | Killed a manticore
  8116 | D:10     | XOM: draining
  8542 | D:10     | XOM: summons 3 hostile demons
  8543 | D:10     | Noticed a sun demon
  8545 | D:10     | XOM: enchant monster (good)
  8549 | D:10     | XOM: cast spell 'Chain of Chaos'
  8682 | D:9      | XOM: confuse monster(s)
  8687 | D:9      | Killed a two-headed ogre
  8934 | D:9      | Found a staircase to the Orcish Mines.
  8985 | D:9      | Found Vero's Antique Weapon Shop.
  9310 | D:10     | XOM: 4-stop teleportation journey
  9325 | D:10     | XOM: silly message
  9351 | D:10     | Reached skill level 10 in Fighting
  9360 | D:10     | XOM: god gift: shiny ruby ring {god gift}
  9491 | D:10     | Found a hazy altar of Hepliaklqana.
  9857 | D:11     | XOM: noise
  9865 | D:11     | Reached XP level 12. HP: 118/129 MP: 13/13
  9955 | D:11     | Noticed a boulder beetle
  9962 | D:11     | Killed a boulder beetle
 10019 | D:11     | Noticed a boulder beetle
 10019 | D:11     | Noticed an occultist
 10022 | D:11     | XOM: enchant monster (good)
 10023 | D:11     | XOM: enchant monster (bad)
 10026 | D:11     | Killed an occultist
 10034 | D:11     | Killed a boulder beetle
 10060 | D:11     | Noticed a frost giant
 10074 | D:11     | Killed a frost giant
 10132 | D:11     | Noticed a two-headed ogre
 10157 | D:11     | Identified the staff "Jutu" {rF++ rN+ Str-3 Hexes Necro
                  | Fire Air}
 10170 | D:11     | Killed a two-headed ogre
 10309 | D:11     | Noticed an ettin
 10370 | D:11     | XOM: swap monsters
 10374 | D:11     | Killed an ettin
 10499 | D:11     | Noticed a tengu warrior
 10500 | D:11     | Noticed a boulder beetle
 10501 | D:11     | XOM: chaos upgrade
 10503 | D:11     | XOM: stat loss: -1 Dex (15/16)
 10512 | D:11     | Killed a tengu warrior
 10518 | D:11     | Killed a boulder beetle
 10520 | D:11     | XOM: polymorph orc wizard -> rat
 10526 | D:11     | Noticed a centaur warrior
 10526 | D:11     | Noticed a two-headed ogre
 10529 | D:11     | XOM: enchant monster (good)
 10531 | D:11     | Reached skill level 1 in Dodging
 10531 | D:11     | Noticed a tengu reaver
 10534 | D:11     | XOM: summons friendly crimson imp
 10534 | D:11     | Noticed a death knight
 10540 | D:11     | Noticed a fire giant
 10546 | D:11     | XOM: cleaving
 10686 | D:11     | XOM: summons friendly iron imp
 10692 | D:11     | XOM: enchant monster (good)
 10710 | D:11     | Killed a fire giant
 10831 | D:11     | XOM: cleaving
 10835 | D:11     | Gained mutation: You can use your snake-like lower body to
                  | constrict enemies. [Naga growth]
 10835 | D:11     | Reached XP level 13. HP: 104/148 MP: 14/14
 10884 | D:11     | XOM: cloud trail
 10960 | D:11     | Slain by a 12-headed hydra

Illustrated notes

Levels and vault maps discovered:
D:1:      erik_arrival_cave_to_civilisation [erik_arrival_cave_to_temple],
          layout_basic, serial_shops, nicolae_shop_hallway_plus
D:2:      layout_loops_corners, uniq_terence, uniq_jessica
D:3:      layout_rooms, mainiacjoe_overflow_alcove_4,
          ebering_ecumenical_altar_box, minmay_misc_feat_chi,
          hangedman_abyss_or_decor_lesser_grid
D:4:      layout_loops_ring, nicolae_overflow_hidden_temple
D:5:      layout_basic, minmay_gold_behind_fungi, st_stairs_6,
          kennysheep_generic_room_12
D:6:      layout_layer_cave, grunt_dithmenos_smoke, serial_shops,
          nicolae_shop_bloodbath_and_beyond, hangedman_decor_slide_cut,
          corexii_item_surrounded_by_moat, minmay_misc_feat_more_columns,
          minmay_misc_feat_enclosed, minmay_microvault
D:7:      layout_basic, mainiacjoe_overflow_catch_the_wave,
          minmay_temple_entry_purple_smoke, nicolae_elemental_shop
D:8:      layout_rooms, amcnicky_altar_gilded, serial_glass, glass_columns_c,
          glass_columns_a, glass_columns_a, glass_columns_a, glass_columns_a,
          glass_columns_b, kennysheep_potato, uniq_pikel
D:9:      minmay_the_grid_plus [minmay_the_grid_expand,
          minmay_the_grid_all_tris, minmay_the_grid_doors,
          minmay_the_grid_spin_star, minmay_the_grid_prize_inner_circle],
          layout_rooms, david_orc_4, serial_shops, nicolae_shop_dealshenge
D:10:     layout_loops_ring, worldfamousw_hep_ancestral_shrine,
          kennysheep_little_box, minivault_8
D:11:     layout_basic, erik_lair_dragon, nicolae_rejected_hall

Skill      XL: |  1  2  3  4  5  6  7  8  9 10 11 12 |
---------------+-------------------------------------+-----
Fighting       | 4 5 6 7 8 10 14 | 14.0
Hexes          | 2 3 5 |  5.0
Necromancy     | 2 3 5 |  5.0
Staves         | 2 8 12 14 | 14.0
Dodging        | 3 |  3.9
Long Blades    | |  3.0
Armour         | |  1.5

Action                     |  1- 3 |  4- 6 |  7- 9 | 10-12 | 13-15 || total
---------------------------+-------+-------+-------+-------+-------++-------
  Melee: Falchion          |    39 |       |       |       |       ||    39
         Short sword       |    24 |    99 |   114 |       |       ||   237
         Lajatang          |       |       |    38 |   277 |     4 ||   319
   Cast: Anguish           |       |       |     1 |       |       ||     1
Ability: Spit Poison       |    25 |    31 |    15 |       |       ||    71
         Breathe Poison Ga |       |       |    17 |    33 |     1 ||    51
  Evoke: Wand              |       |       |     1 |     3 |       ||     4
    Use: Potion            |       |     4 |     5 |     2 |       ||    11
         Scroll            |       |       |    10 |    14 |       ||    24
   Stab: Sleeping          |       |       |       |     1 |       ||     1
         Confused          |       |       |       |     3 |       ||     3
         Petrifying        |       |       |       |     2 |       ||     2
         Distracted        |       |       |       |     1 |       ||     1
 Armour: Leather armour    |    33 |    73 |    89 |   167 |    22 ||   384
         Skin              |       |       |     9 |       |       ||     9
  Dodge: Dodged            |    17 |    38 |    39 |    60 |    13 ||   167
  Block: Buckler           |       |       |    32 |       |       ||    32
         Other             |       |       |     7 |    31 |     2 ||    40
         Reflection        |       |       |     1 |     3 |       ||     4

Table legend: (Time is in decaauts)
 A = Elapsed time spent in this place.
 B = Non-inter-level travel time spent in this place.
 C = Inter-level travel time spent in this place.
 D = Time resting spent in this place.
 E = Time spent auto-exploring this place.
 F = Levels seen in this place.
 G = Mean time per level.
                   A        B        C        D        E       F      G
               +--------+--------+--------+--------+--------+-----+--------+
         Total |  13400 |  12959 |    441 |   1411 |   9937 |  11 | 1218.2 |
       Dungeon |  13400 |  12959 |    441 |   1411 |   9937 |  11 | 1218.2 |
               +--------+--------+--------+--------+--------+-----+--------+

Top non-repeatable levels by time:
     D:9: 1539 daAuts
    D:10: 1391 daAuts
     D:2: 1359 daAuts
     D:5: 1252 daAuts
     D:4: 1248 daAuts
     D:6: 1237 daAuts
    D:11: 1236 daAuts
     D:7: 1199 daAuts
     D:1: 1185 daAuts
     D:3: 888 daAuts
     D:8: 862 daAuts
